 Dungeon Crawl Stone Soup version 0.31-a0-185-g9dded2c639 (webtiles) character file.

Game seed: 5958847729524736056

65 qw the Shooter (level 3, -2/20 HPs)
             Began as a Deep Elf Hunter on June 22, 2023.
             Slain by an endoplasm (3 damage)
             ... on level 2 of the Dungeon.
             The game lasted 00:00:20 (765 turns).

qw the Shooter (Deep Elf Hunter)                     Turns: 765, Time: 00:00:21

Health: -2/20      AC:  3    Str: 10    XL:     3   Next: 94%
Magic:  5/5        EV: 12    Int: 13    God:
Gold:   66         SH:  0    Dex: 18    Spells: 2/2 levels left

rFire   . . .        Y - +0 shortbow
rCold   . . .        (shield currently unavailable)
rNeg    . . .        c - +0 leather armour
rPois   .            (no helmet)
rElec   .            (no cloak)
rCorr   .            (no gloves)
SInv    .            (no boots)
Will    .....        (no amulet)
Stlth   ++           (no ring)
HPRegen 0.23/turn    (no ring)
MPRegen 0.09/turn

%: no passive effects
@: no status effects
A: no striking features
a: no special abilities


You were on level 2 of the Dungeon.
You visited 1 branch of the dungeon, and saw 2 of its levels.

You collected 66 gold pieces.


   Skills:
 - Level 1.5 Fighting
 + Level 7.4 Ranged Weapons
 - Level 2.4 Dodging
 - Level 1.2 Stealth


You had 2 spell levels left.
You didn't know any spells.
Your spell library was empty.

Inventory:

Hand Weapons
 Y - a +0 shortbow (weapon)
Armour
 c - a +0 leather armour (worn)
Scrolls
 a - a scroll of vulnerability {unknown}
Potions
 b - a potion of might {unknown}
 d - a potion of heal wounds {unknown}
 e - a potion of curing {unknown}
 f - a potion of resistance {unknown}

Dungeon Overview and Level Annotations

Branches:
Dungeon (2/15)

Altars:
Xom

Shops:
D:1 =


Message History

The gnoll is severely wounded.
An endoplasm comes into view.
You shoot an arrow. The arrow closely misses the gnoll.
The gnoll throws a stone.
The stone closely misses you.
You shoot an arrow. The arrow barely misses the gnoll.
A rat comes into view.
The gnoll hits you with a +0 flail.
You shoot an arrow. The arrow closely misses the gnoll.
The arrow hits the endoplasm!
You kill the endoplasm!
A gnoll comes into view. It is wielding a +0 club.
The gnoll hits you with a +0 flail.
You shoot an arrow. The arrow barely misses the gnoll.
The gnoll shouts!
The arrow hits the rat.
You kill the rat!
The gnoll misses you.
You shoot an arrow. The arrow completely misses the gnoll.
The gnoll barely misses you.
You shoot an arrow. The arrow hits the gnoll.
The gnoll is almost dead.
The gnoll completely misses you.
You shoot an arrow. The arrow barely misses the gnoll.
The arrow hits the gnoll.
The gnoll is moderately wounded.
The gnoll closely misses you.
An endoplasm comes into view.
You shoot an arrow.
The arrow hits the gnoll but does no damage.
The gnoll is almost dead.
The gnoll hits you with a +0 flail. The gnoll barely misses you.
You shoot an arrow. The arrow hits the gnoll!
You kill the gnoll!
The gnoll barely misses you.
You shoot an arrow. The arrow hits the gnoll.
The gnoll is severely wounded.
The gnoll hits you with a +0 club!
You shoot an arrow. The arrow hits the gnoll.
The gnoll is almost dead.
The endoplasm hits you.
You die...

# ## #. #. ## .#.##. ...
......# ....
.......####..#
.......@J%...#
.#.#.%..g....# .
###...#...# ... #.......#
....##..####.###
#.......####.....
...........%.....#
###########.######..#####
#...............##..##..##


You could see a gnoll and an endoplasm.

Vanquished Creatures
  A gnoll (D:2)
  2 adders (D:2)
  3 bats
  5 endoplasms
  A giant cockroach (D:1)
  4 hobgoblins
  7 kobolds (D:1)
  4 quokkas (D:1)
  4 frilled lizards (D:1)
  3 rats
34 creatures vanquished.

Notes
Turn   | Place    | Note
-------+----------+-------------------------------------------
     0 | D:1      | qw the Deep Elf Hunter began the quest for the Orb.
     0 | D:1      | Reached XP level 1. HP: 12/12 MP: 3/3
     0 | D:1      | 0 ||| qw: Version: 0.3-a-9-g12657ce
     0 | D:1      | 0 ||| qw: Game counter: 1841
     0 | D:1      | 0 ||| qw: Always use a shield: true
     0 | D:1      | 0 ||| qw: God list: Okawaru
     0 | D:1      | 0 ||| qw: Allow faded altars: false
     0 | D:1      | 0 ||| qw: Do Orc after D:15 true
     0 | D:1      | 0 ||| qw: Do second Lair branch before Depths: true
     0 | D:1      | 0 ||| qw: Lair rune preference: random
     0 | D:1      | 0 ||| qw: Plans: Normal
     0 | D:1      | 0 ||| PLANNING D:1-11
   157 | D:1      | Found Feryhafa's One-of-a-Kind Rings.
   172 | D:1      | Reached skill level 6 in Ranged Weapons
   172 | D:1      | Reached XP level 2. HP: 16/16 MP: 4/4
   175 | D:1      | 175 ||| SHOPLISTING +2 ring of evasion (60 gold, have 39).
   175 | D:1      | 175 ||| SHOPLISTING +3 ring of strength (100 gold, have
                  | 39).
   175 | D:1      | 175 ||| SHOPLISTING +6 ring of slaying (1438 gold, have
                  | 39).
   175 | D:1      | 175 ||| SHOPLISTING +8 ring of strength (550 gold, have
                  | 39).
   175 | D:1      | 175 ||| SHOPLISTING ring "Laaca" {+Blink rPois rN++ EV+5
                  | Slay-2} (563 gold, have 39).
   175 | D:1      | 175 ||| SHOPLISTING ring "Nazxul" {rF+ Will++ Dex-4} (376
                  | gold, have 39).
   404 | D:1      | Reached XP level 3. HP: 14/20 MP: 5/5
   491 | D:1      | 491 ||| READING scroll labelled CUSEWA OROTI.
   492 | D:1      | 492 ||| DROPPING scroll of butterflies.
   673 | D:2      | Found a shimmering altar of Xom.
   725 | D:2      | Reached skill level 7 in Ranged Weapons
   764 | D:2      | HP: 1/20 [gnoll/+0 club (7)]
   765 | D:2      | Slain by an endoplasm

Levels and vault maps discovered:
D:1:      scummos_arrival_hexagon, layout_basic, st_stairs_6,
          nicolae_shop_unique_rings
D:2:      layout_basic, basic_altar, st_stairs_5, minmay_pentomino_q2

Skill      XL: |  1  2  3 |
---------------+----------+-----
Ranged Weapons | 6 7 |  7.4
Fighting       | |  1.5
Dodging        | |  2.4
Stealth        | |  1.2

Action                     || total
---------------------------++-------
   Fire: Shortbow          ||    93
    Use: Scroll            ||     1
 Armour: Leather armour    ||     5
  Dodge: Dodged            ||    27

Table legend:
 A = Non-vault XP
 B = Vault XP
 C = Vault XP percentage of total XP
 D = Non-vault monster count
 E = Vault monster count
 F = Vault count percentage of total count
                 A         B        C        D         E       F
            +---------+---------+-------+---------+---------+-------
      Total |      74 |      20 |  21.3 |      29 |       5 |  14.7
            +---------+---------+-------+---------+---------+-------
        D:1 |      40 |       1 |   2.4 |      23 |       1 |   4.2
        D:2 |      34 |      19 |  35.8 |       6 |       4 |  40.0
            +---------+---------+-------+---------+---------+-------
